Map: King Sejong Station LE

Players

Mike - Winner!

  • Race: Protoss Protoss
  • League: Gold
  • Spawn Location: 11:00

Fropez

  • Race: Protoss Protoss
  • League: Gold
  • Spawn Location: 5:00

VOD

Have the link to the VOD?

Description

Time

  • Played on: Oct. 12, 2016, 1:06 p.m.
  • Length: 15:33
Show
View Real Time Build Order
Export as new Build Order

Mike Protoss - Winner!

Build Orders:  

Get SALT Encoding   

  12  0:01  Probe (Chrono Boost)  
  13  0:11  Probe (Chrono Boost)  
  14  0:18  Pylon  
  14  0:33  Probe (Chrono Boost)  
  15  0:42  Forge  
  15  0:43  Probe (Chrono Boost)  
  16  0:55  Pylon  
  16  0:57  Probe (Chrono Boost)  
  17  1:08  Probe (Chrono Boost)  
  18  1:13  Assimilator  
  18  1:22  Photon Cannon  
  18  1:27  Gateway  
  18  1:29  Probe (Chrono Boost)  
  20  1:40  Probe (Chrono Boost)  
  20  1:50  Probe (Chrono Boost)  
  21  2:01  Probe (Chrono Boost)  
  22  2:02  Assimilator  
  22  2:11  Probe (Chrono Boost)  
  22  2:12  Nexus  
  23  2:19  Pylon  
  23  2:35  Probe (Chrono Boost)  
  24  2:41  Cybernetics Core  
  24  2:45  Gateway  
  24  2:51  Probe (Chrono Boost)  
  25  2:56  Photon Cannon  
  25  3:21  Stalker  
  25  3:24  Probe (Chrono Boost)  
  25  3:26  Probe (Chrono Boost)  
  29  3:35  Probe (Chrono Boost)  
  29  3:37  Probe (Chrono Boost)  
  29  3:39  Pylon  
  31  3:42  Stalker  
  31  3:45  Probe (Chrono Boost)  
  31  3:47  Probe (Chrono Boost)  
  35  3:51  Stalker  
  37  4:01  Stargate  
  37  4:04  Probe (Chrono Boost)  
  37  4:06  Probe (Chrono Boost)  
  39  4:11  Stalker  
  39  4:14  Probe (Chrono Boost)  
  42  4:17  Probe (Chrono Boost)  
  42  4:21  Stalker  
  45  4:25  Probe (Chrono Boost)  
  45  4:27  Stargate  
  45  4:28  Probe (Chrono Boost)  
  47  4:36  Photon Cannon  
  47  4:37  Photon Cannon  
  47  4:41  Photon Cannon  
  47  4:47  Void Ray (Chrono Boost)  
  47  4:51  Probe  
  47  4:52  Probe  
  52  4:58  Assimilator  
  53  5:03  Probe x2  
  53  5:04  Assimilator  
  55  5:11  Void Ray (Chrono Boost)  
  59  5:23  Pylon x2  
  59  5:27  Pylon  
  59  5:28  Stalker  
  61  5:33  Pylon  
  61  5:38  Stargate  
  61  5:41  Stalker  
  63  5:43  Pylon  
  63  5:51  Probe  
  64  6:00  Probe  
  64  6:03  Probe  
  66  6:05  Void Ray (Chrono Boost)  
  70  6:15  Probe  
  70  6:18  Protoss Shields Level 1  
  71  6:40  Nexus  
  71  6:42  Pylon  
  71  6:46  Void Ray (Chrono Boost)  
  79  6:47  Void Ray (Chrono Boost)  
  79  6:56  Protoss Air Weapons Level 1  
  79  7:21  Photon Cannon  
  79  7:22  Photon Cannon  
  79  7:24  Photon Cannon  
  79  7:26  Assimilator  
  79  7:30  Probe  
  79  7:31  Assimilator  
  80  7:41  Void Ray x2 (Chrono Boost)  
  80  7:42  Probe  
  93  7:48  Void Ray (Chrono Boost)  
  93  7:53  Stargate  
  93  7:54  Probe  
  94  8:01  Pylon x2  
  94  8:03  Pylon  
  94  8:06  Probe  
  94  8:07  Probe  
  96  8:17  Probe  
  96  8:18  Probe  
  98  8:28  Probe  
  98  8:31  Probe  
  100  8:38  Twilight Council, Probe  
  100  8:39  Robotics Facility  
  101  8:42  Pylon  
  101  8:45  Void Ray (Chrono Boost)  
  101  8:46  Void Ray (Chrono Boost)  
  113  8:49  Probe  
  113  8:53  Void Ray (Chrono Boost)  
  114  9:00  Probe  
  115  9:10  Probe  
  115  9:12  Fleet Beacon  
  116  9:17  Pylon  
  116  9:19  Pylon  
  116  9:20  Pylon  
  116  9:21  Pylon  
  116  9:27  Stargate  
  116  9:34  Observer  
  117  9:55  Observer  
  117  9:59  Probe  
  118  10:06  Carrier (Chrono Boost)  
  131  10:08  Carrier (Chrono Boost)  
  137  10:16  Observer  
  137  10:17  Probe  
  139  10:23  Carrier (Chrono Boost)  
  139  10:49  Nexus  
  139  10:52  Assimilator  
  139  10:55  Pylon  
  139  10:59  Assimilator, Protoss Shields Level 2 (Chrono Boost)  
  139  11:01  Graviton Catapult  
  151  11:07  Protoss Air Armor Level 1  
  151  11:10  Carrier x2 (Chrono Boost)  
  151  11:19  Photon Cannon  
  151  11:21  Photon Cannon  
  151  11:23  Photon Cannon  
  151  11:25  Photon Cannon  
  151  11:27  Photon Cannon  
  151  11:28  Photon Cannon  
  151  11:30  Photon Cannon  
  151  11:36  Carrier (Chrono Boost)  
  157  12:10  Carrier (Chrono Boost)  
  169  12:16  Carrier (Chrono Boost)  
  169  12:34  Carrier (Chrono Boost)  
  175  12:43  Protoss Air Weapons Level 2  
  171  13:29  Probe  
  170  13:41  Probe  
  170  13:46  Void Ray (Chrono Boost)  
  191  13:51  Void Ray (Chrono Boost)  
  191  13:53  Probe  
  191  13:55  Pylon  
  192  13:58  Carrier (Chrono Boost)  
  192  13:59  Carrier (Chrono Boost)  
  192  14:05  Probe  
  193  14:17  Probe  
Show
View Real Time Build Order
Export as new Build Order

Fropez Protoss 

Build Orders: 1 Gate Expand 

Get SALT Encoding   

  12  0:02  Probe (Chrono Boost)  
  13  0:12  Probe (Chrono Boost)  
  14  0:20  Pylon  
  14  0:48  Gateway  
  14  1:37  Nexus  
  14  1:38  Cybernetics Core  
  14  1:47  Pylon  
  14  2:02  Assimilator  
  13  2:09  Assimilator  
  13  2:10  Probe (Chrono Boost)  
  14  2:21  Probe (Chrono Boost)  
  15  2:49  Gateway  
  15  2:51  Probe (Chrono Boost), Gateway  
  16  2:54  Probe (Chrono Boost)  
  16  2:58  Assimilator, Warp Gate (Chrono Boost)  
  17  2:59  Pylon  
  17  3:07  Mothership Core (Chrono Boost)  
  19  3:20  Pylon  
  19  3:25  Probe (Chrono Boost)  
  20  3:48  Robotics Facility  
  20  3:50  Probe (Chrono Boost)  
  22  3:55  Probe (Chrono Boost)  
  22  4:07  Probe (Chrono Boost)  
  23  4:16  Adept  
  25  4:30  Probe  
  25  4:31  Probe  
  26  4:35  Observer (Chrono Boost)  
  28  4:56  Warp Prism (Chrono Boost)  
  30  5:04  Twilight Council  
  29  5:31  Stalker x2  
  29  5:33  Stalker  
  36  5:35  Observer (Chrono Boost)  
  35  5:55  Resonating Glaives (Chrono Boost)  
  35  6:00  Immortal (Chrono Boost)  
  35  6:08  Pylon  
  39  6:11  Probe  
  39  6:13  Probe  
  41  6:24  Adept  
  43  6:50  Gateway  
  43  6:51  Pylon  
  43  6:56  Gateway  
  43  6:58  Gateway  
  43  7:05  Probe  
  43  7:06  Gateway  
  42  7:22  Stalker  
  44  7:26  Blink (Chrono Boost)  
  44  7:27  Assimilator  
  44  7:33  Pylon  
  44  7:43  Adept  
  46  7:53  Stalker  
  46  7:54  Stalker  
  50  8:23  Forge  
  50  8:26  Forge  
  50  8:27  Probe x2  
  50  8:28  Pylon x2  
  52  8:39  Probe x2  
  54  8:51  Probe  
  55  9:06  Stalker x2  
  55  9:07  Stalker  
  61  9:12  Protoss Ground Weapons Level 1 (Chrono Boost), Protoss Ground Armor Level 1 (Chrono Boost)  
  61  9:26  Templar Archives  
  61  9:28  Stalker  
  63  9:45  Stalker x2  
  67  9:50  Probe x2  
  67  10:01  Psionic Storm  
  67  10:02  Probe x2  
  69  10:26  Nexus  
  69  10:29  Probe  
  69  10:30  Probe  
  71  10:36  Pylon  
  71  10:41  Probe  
  73  10:42  Probe  
  73  10:49  Protoss Ground Weapons Level 2 (Chrono Boost)  
  73  10:56  Protoss Ground Armor Level 2 (Chrono Boost)  
  73  11:06  Stalker x2  
  77  11:14  Stalker  
  77  11:15  Probe  
  77  11:16  Probe  
  81  11:28  Probe  
  81  11:29  Probe  
  83  11:36  Stalker x3  
  89  11:55  High Templar x4  
  89  11:59  Archon x2  
  96  12:09  Stalker x3  
  96  12:12  Immortal (Chrono Boost)  
  106  12:40  Stalker  
  106  12:41  Stalker x3  
  106  12:42  Stalker x2  
  100  13:31  Stalker  
  100  13:32  Stalker x5  
  100  13:33  Probe  
  104  13:34  Probe x2  
  105  13:57  Immortal  
  109  14:06  Assimilator  
  109  14:10  Pylon, Assimilator  
  109  14:13  Gateway  
  109  14:16  Pylon  
  109  14:25  High Templar x4  
  117  14:32  Pylon  
  117  14:36  Gateway  
  117  14:38  Gateway  
  117  14:40  Pylon  
  117  14:41  Pylon  
  48  15:07  Stalker x4  
  48  15:08  Stalker x3  
Tags
 
League
GoldGold
Matchup
PvP
Replay Pack
All Mines
Spawn Locations
Cross Positions
Add a new tag
Caveats
  • Supply blocks, unpowered buildings, or Contaminate may cause inaccurate times.
  • Supply counts are checked every 10 seconds.